 Dungeon Crawl Stone Soup version 0.21.1-1-g345015f (webtiles) character file.

470 yevrey the Chopper (level 7, -4/61 HPs)
             Began as a Hill Orc Fighter on May 5, 2018.
             Slain by a sky beast (5 damage)
             ... on level 5 of the Dungeon.
             The game lasted 00:10:13 (4068 turns).

yevrey the Chopper (Hill Orc Fighter)               Turns: 4068, Time: 00:10:13

Health: -4/61      AC: 12    Str: 21    XL:     7   Next: 9%
Magic:  7/7        EV:  4    Int:  8    God:
Gold:   229        SH:  9    Dex: 10    Spells: 6/6 levels left

rFire    . . .     SeeInvis .   a - +0 war axe
rCold    . . .     Gourm    .   c - +0 shield
rNeg     . . .     Faith    .   y - +0 plate armour
rPois    .         Spirit   .   (no helmet)
rElec    .         Reflect  .   (no cloak)
rCorr    .         Harm     .   (no gloves)
MR       .....                  (no boots)
Stlth    ..........             (no amulet)
HPRegen  0.20/turn              (no ring)
MPRegen  0.10/turn              (no ring)

@: no status effects
A: no striking features
a: no special abilities


You were on level 5 of the Dungeon.
You were not hungry.

You visited 1 branch of the dungeon, and saw 6 of its levels.

You collected 229 gold pieces.

Inventory:

Hand Weapons
 a - a +0 war axe (weapon)
 w - a +0 long sword of holy wrath
 z - a +0 blowgun
 F - a +4 hand axe of freezing
Missiles
 A - 21 poisoned needles
 B - 2 tomahawks (quivered)
Armour
 c - a +0 shield (worn)
 y - a +0 plate armour (worn)
Magical Staves
 H - an uncursed staff of wizardry {unknown}
Jewellery
 e - an uncursed ring of stealth {unknown}
 i - a +2 ring of protection {unknown}
 t - a cursed ring of teleportation {unknown}
 C - an uncursed amulet of harm {unknown}
Wands
 D - a wand of random effects (16)
Scrolls
 g - a scroll of noise {unknown}
 h - 2 scrolls of amnesia {unknown}
 j - 2 scrolls of immolation {unknown}
 k - 3 scrolls of remove curse {unknown}
 n - a scroll of magic mapping {unknown}
 p - 3 scrolls of identify {unknown}
 q - a scroll of fear {unknown}
 v - a scroll of blinking {unknown}
 x - 2 scrolls of teleportation {unknown}
 G - a scroll of acquirement {unknown}
Potions
 b - a potion of berserk rage {unknown}
 d - a potion of might
 m - 2 potions of magic {unknown}
 o - a potion of heal wounds {unknown}
 r - 3 potions of curing {unknown}
 s - 2 potions of haste {unknown}
 u - a potion of brilliance {unknown}
Books
 l - a book of Minor Magic

   Spells                             Type                      Level
   a - Magic Dart                     Conjuration                  1
   b - Blink                          Translocation                2
   c - Call Imp                       Summoning                    2
   d - Slow                           Hexes                        2
   e - Conjure Flame                  Conjuration/Fire             3
   f - Mephitic Cloud                 Conjuration/Poison/Air       3
Comestibles
 f - 6 rations
 E - 9 chunks of flesh


   Skills:
 * Level 5.6 Fighting
 + Level 6.0 Axes
 + Level 4.9 Armour
 + Level 4.8 Shields


You had 6 spell levels left.
You didn't know any spells.

Dungeon Overview and Level Annotations

Branches:
Dungeon (6/15)             Temple (0/1) D:5

Altars:
Cheibriados
Kikubaaqudgha
Qazlal
Trog
Wu Jian
Zin
The Shining One

Shops:
D:5 [


Message History

You miss something. Something hits you. Something shocks you.
* * * LOW HITPOINT WARNING * * *
Something hits you but does no damage.
You miss something. Something hits you but does no damage.
You slash something! Something hits you but does no damage.
Your shield and plate armour prevent you from hitting something.
Something hits you.
* * * LOW HITPOINT WARNING * * *
Something shocks you.
* * * LOW HITPOINT WARNING * * *
You block something's attack.
You miss something. Something hits you.
* * * LOW HITPOINT WARNING * * *
Something shocks you.
* * * LOW HITPOINT WARNING * * *
Your plate armour prevents you from hitting something.
Something hits you.
* * * LOW HITPOINT WARNING * * *
Something shocks you.
You die...

...............?
.......#......≈≈
.....O.!....≈≈≈≈
.....{....≈≈≈≈≈≈
......##.≈≈≈≈≈≈...≈≈≈≈≈ ##...
#≈≈≈≈≈≈≈.>...... ###
#.≈≈≈≈≈≈...≈≈≈≈≈
###########5≈≈≈≈≈≈≈≈≈≈≈≈≈≈
#........@{O.≈≈≈≈≈≈≈≈≈≈≈≈≈
#.#########....≈≈≈≈≈≈≈≈≈.. #.#
#####......≈≈≈≈≈.... ####.#
#...#............... ##....###
#.....##............
#.......###....###.########.#.
#######........>..............
####....####.#######....
#...........# #)#..


You could see an ogre and a crimson imp.

Vanquished Creatures
  An ogre (D:5)
  The ghost of bnns the Sneak, an amateur OpAs (D:4)
  Jessica (D:3)
  4 worker ants
  A worker ant zombie (D:5)
  A howler monkey skeleton (D:4)
  8 adders
  4 worms
  A leopard gecko (D:2)
  9 orcs
  4 giant cockroaches
  9 goblins
  7 hobgoblins
  8 jackals
  10 kobolds
  8 bats
  6 frilled lizards
  7 rats
90 creatures vanquished.

Notes
Turn   | Place    | Note
-------+----------+-------------------------------------------
     0 | D:1      | yevrey the Hill Orc Fighter began the quest for the Orb.
     0 | D:1      | Reached XP level 1. HP: 19/19 MP: 1/1
   184 | D:1      | Reached XP level 2. HP: 26/27 MP: 2/2
   299 | D:1      | Reached skill level 3 in Axes
   363 | D:2      | Reached XP level 3. HP: 32/33 MP: 3/3
   826 | D:2      | Reached XP level 4. HP: 28/41 MP: 4/4
  1289 | D:2      | Reached skill level 4 in Axes
  1650 | D:3      | Found a glowing golden altar of the Shining One.
  1654 | D:3      | Found an ornate altar of the Wu Jian Council.
  1656 | D:3      | Found an ancient bone altar of Kikubaaqudgha.
  1830 | D:4      | Found a snail-covered altar of Cheibriados.
  2050 | D:3      | Reached XP level 5. HP: 47/47 MP: 5/5
  2086 | D:3      | Noticed Jessica
  2095 | D:3      | Killed Jessica
  2408 | D:3      | Found a glowing silver altar of Zin.
  2408 | D:3      | Noticed an angel
  2943 | D:4      | Reached skill level 5 in Fighting
  2947 | D:4      | Noticed bnns's ghost (amateur OpAs)
  3306 | D:4      | Killed bnns's ghost
  3306 | D:4      | Reached skill level 5 in Axes
  3306 | D:4      | Reached XP level 6. HP: 52/56 MP: 6/6
  3332 | D:5      | Entered Level 5 of the Dungeon
  3587 | D:4      | Found a stormy altar of Qazlal.
  3664 | D:5      | Reached XP level 7. HP: 61/61 MP: 7/7
  3887 | D:5      | Found Ickeuth's Armour Shoppe.
  3933 | D:5      | Reached skill level 6 in Axes
  3954 | D:5      | Found a staircase to the Ecumenical Temple.
  3991 | D:6      | Found a bloodstained altar of Trog.
  4067 | D:5      | HP: 2/61 [something (5)]
  4068 | D:5      | Slain by a sky beast

Skill      XL: |  1  2  3  4  5  6  7 |
---------------+----------------------+-----
Fighting       | 4 5 |  5.6
Axes           | 3 4 5 6 |  6.0
Shields        | 4 |  4.8
Armour         | 4 |  4.9

Action                   |  1- 3 |  4- 6 |  7- 9 || total
-------------------------+-------+-------+-------++-------
Melee: War axe           |   118 |   254 |    47 ||   419
  Eat: Chunk             |       |     9 |     2 ||    11
Armor: Scale mail        |    55 |    65 |       ||   120
       Plate armour      |       |    69 |    32 ||   101
Dodge: Dodged            |    45 |    66 |     2 ||   113
Block: Shield            |    72 |   146 |    17 ||   235
